Map: [ESL] Stargazers

Players

Control - Winner!

  • Race: Terran Terran
  • Spawn Location: 1:00

TheNovack

  • Race: Protoss Protoss
  • Spawn Location: 11:00

Event: DreamHack SC2 Masters 2022 Valencia

VOD

Have the link to the VOD?

Description

Time

  • Played on: July 1, 2022, 6:19 a.m.
  • Length: 10:16

All games in this series

Show
View Real Time Build Order
Export as new Build Order

Control Terran - Winner!

Build Orders: Reaper Expand 

Get SALT Encoding   

  12  0:00  SCV  
  13  0:12  SCV  
  14  0:17  Supply Depot  
  14  0:24  SCV  
  15  0:39  SCV  
  16  0:44  Barracks  
  16  0:47  Refinery  
  16  0:51  SCV  
  17  1:03  SCV  
  18  1:16  SCV  
  19  1:32  Orbital Command  
  19  1:33  Reaper  
  20  1:46  Command Center  
  20  1:58  SCV  
  20  2:01  Supply Depot  
  21  2:05  Marine  
  22  2:11  SCV  
  23  2:19  Factory  
  23  2:23  SCV  
  24  2:34  Barracks Reactor  
  24  2:35  SCV, Supply Depot  
  25  2:46  Refinery  
  25  2:47  SCV  
  25  2:49  Bunker  
  26  3:00  Orbital Command  
  26  3:01  SCV  
  26  3:04  Factory Tech Lab  
  27  3:11  Marine x2  
  29  3:14  SCV  
  30  3:23  Cyclone  
  30  3:26  SCV  
  34  3:31  Bunker  
  34  3:32  Marine x2  
  37  3:34  SCV  
  37  3:39  SCV  
  37  3:40  Starport  
  38  3:46  SCV  
  39  3:50  Marine x2  
  39  3:51  SCV  
  39  3:55  Siege Tank  
  45  3:58  SCV  
  46  4:04  SCV  
  46  4:09  Marine x2  
  49  4:10  SCV  
  49  4:12  Supply Depot  
  50  4:21  Engineering Bay, SCV  
  53  4:26  Marine  
  54  4:33  SCV  
  54  4:34  Marine  
  54  4:35  SCV  
  55  4:39  Starport Tech Lab  
  55  4:45  SCV  
  53  4:47  SCV  
  53  4:49  Missile Turret  
  53  4:50  Missile Turret  
  53  4:51  Marine  
  53  4:52  Marine  
  56  4:57  SCV  
  56  4:58  Raven  
  56  4:59  SCV  
  57  5:09  SCV, Marine  
  57  5:11  SCV  
  60  5:15  Marine  
  61  5:21  SCV  
  62  5:34  Supply Depot  
  62  5:36  Supply Depot  
  62  5:45  SCV x2, Siege Tank, Marine  
  62  5:48  Marine  
  69  5:53  Command Center  
  69  5:56  Barracks  
  69  5:57  SCV x2  
  69  5:58  Starport Reactor  
  69  6:00  Barracks  
  71  6:07  Terran Infantry Weapons Level 1  
  71  6:08  Marine  
  71  6:09  SCV  
  71  6:10  SCV  
  74  6:13  Refinery  
  74  6:15  Marine  
  75  6:20  Siege Tank  
  75  6:22  SCV x2  
  80  6:25  Marine  
  81  6:33  Supply Depot  
  81  6:34  SCV x2  
  81  6:35  Marine  
  84  6:43  Marine  
  84  6:44  Marine  
  86  6:48  Barracks Tech Lab, Stimpack  
  86  6:53  Refinery  
  86  6:54  SCV x2, Supply Depot  
  86  6:57  Siege Tank  
  86  7:00  Marine  
  92  7:06  SCV x2  
  95  7:11  Marine  
  95  7:12  Marauder  
  97  7:18  SCV x2, Marine  
  97  7:19  Supply Depot, Medivac x2  
  104  7:30  SCV x2  
  104  7:34  Orbital Command  
  104  7:35  Marine x2  
  104  7:36  Marauder  
  110  7:39  Supply Depot  
  110  7:43  SCV x2  
  112  7:44  Bunker  
  112  7:47  Missile Turret  
  112  7:55  SCV x2  
  112  7:56  Medivac x2  
  118  8:00  SCV  
  118  8:01  Combat Shield  
  118  8:02  Marauder  
  118  8:04  Terran Infantry Armor Level 1  
  121  8:07  SCV x2  
  121  8:08  Marine  
  121  8:09  Marauder  
  121  8:12  SCV  
  127  8:19  Barracks, SCV x2  
  129  8:21  Siege Tank, Marine  
  129  8:22  Barracks  
  129  8:24  SCV  
  134  8:31  SCV x2  
  134  8:32  Refinery  
  134  8:33  Refinery  
  136  8:34  Armory  
  136  8:35  Concussive Shells, Marauder x2  
  136  8:36  Engineering Bay, SCV  
  141  8:44  SCV  
  141  8:45  Marine x2, SCV, Supply Depot  
  136  8:49  SCV  
  136  8:53  Medivac  
  130  8:56  Marine, Marauder  
  136  9:03  Marine x2  
  136  9:05  Siege Tank  
  138  9:13  Barracks Tech Lab  
  138  9:14  Barracks Reactor, Marauder  
  140  9:18  Marauder  
  140  9:21  Marine x2  
  144  9:34  Marine  
  144  9:35  Marauder  
  144  9:38  Siege Tank, Marine  
  150  9:39  Factory, Marine, Marauder, Command Center  
  150  9:40  Supply Depot  
  150  9:44  Missile Turret x2  
  154  9:52  Marine  
  157  9:53  Marine  
  157  9:56  Marine x2  
  157  9:57  Marine  
Show
View Real Time Build Order
Export as new Build Order

TheNovack Protoss 

Build Orders: Dark Templar Rush 

Get SALT Encoding   

  12  0:00  Probe  
  13  0:13  Probe  
  14  0:19  Pylon  
  14  0:25  Probe  
  15  0:37  Probe  
  15  0:39  Gateway  
  16  0:49  Probe (Chrono Boost), Assimilator  
  17  1:01  Probe (Chrono Boost)  
  17  1:02  Assimilator  
  18  1:06  Probe (Chrono Boost)  
  19  1:16  Probe (Chrono Boost)  
  21  1:27  Probe (Chrono Boost)  
  21  1:28  Cybernetics Core  
  21  1:31  Probe (Chrono Boost)  
  21  1:37  Pylon  
  22  1:43  Probe  
  23  2:06  Robotics Facility  
  23  2:12  Warp Gate (Chrono Boost)  
  23  2:13  Twilight Council  
  23  2:17  Adept (Chrono Boost)  
  25  2:34  Gateway  
  25  2:36  Pylon  
  25  2:52  Dark Shrine  
  25  2:55  Warp Prism  
  27  3:03  Adept  
  29  3:10  Pylon  
  29  3:11  Pylon  
  27  4:05  Dark Templar x2  
  29  4:39  Dark Templar x2  
  31  4:56  Nexus  
  29  5:09  Immortal (Chrono Boost)  
  31  5:17  Pylon  
  31  5:20  Adept x2  
  35  5:31  Probe  
  34  5:38  Immortal (Chrono Boost)  
  34  5:39  Shield Battery  
  34  5:40  Shield Battery  
  38  5:46  Adept  
  38  5:49  Probe  
  41  5:59  Adept  
  41  6:01  Probe  
  44  6:13  Probe  
  44  6:15  Robotics Bay  
  45  6:19  Probe (Chrono Boost)  
  47  6:26  Probe (Chrono Boost)  
  47  6:29  Observer  
  47  6:31  Probe (Chrono Boost)  
  49  6:38  Probe (Chrono Boost)  
  51  6:40  Probe (Chrono Boost)  
  51  6:44  Adept x2  
  52  7:05  Stalker  
  53  7:13  Probe  
  54  7:26  Assimilator  
  54  7:27  Probe  
  54  7:28  Assimilator  
  55  7:30  Probe  
  55  7:32  Adept x2  
  60  7:40  Gateway  
  60  7:50  Probe x2  
  60  8:00  Stalker  
  60  8:02  Probe  
  63  8:25  Probe x2  
  65  8:33  Adept x2  
  59  8:52  Adept  
  47  8:57  Adept x2  
  47  8:58  Probe x2  
  47  9:12  Colossus (Chrono Boost)  
  47  9:13  Stalker x2  
  47  9:14  Stalker  
  57  9:23  Probe  
  58  9:28  Pylon  
  58  9:30  Probe  
  59  9:36  Probe  
  60  9:43  Probe  
  61  9:48  Probe  
  62  9:55  Probe  
  63  10:00  Probe  

Tags
 
Add a new tag
Caveats
  • Supply blocks, unpowered buildings, or Contaminate may cause inaccurate times.
  • Supply counts are checked every 10 seconds.